 Dungeon Crawl Stone Soup version 0.31-a0-614-gc85dc1c48c (webtiles) character file.

Game seed: 10044475126795653632

622 BritishOli the Trooper (level 7, -1/56 HPs)
             Began as a Demonspawn Fighter on Aug 22, 2023.
             Succumbed to a kobold brigand's poison
             ... in a sewer.
             The game lasted 00:03:00 (3977 turns).

BritishOli the Trooper (Demonspawn Fighter)         Turns: 3977, Time: 00:03:00

Health: -1/56      AC:  9    Str: 25    XL:     7   Next: 22%
Magic:  7/7        EV:  9    Int:  9    God:
Gold:   291        SH:  4    Dex: 12    Spells: 6/6 levels left

rFire   + . .        s - +0 hand axe (drain)
rCold   . . .        c - +0 buckler
rNeg    . . .        b - +0 scale mail
rPois   .            (no helmet)
rElec   .            (no cloak)
rCorr   .            (no gloves)
SInv    .            (no boots)
Will    .....        (no amulet) Stlth
                     u - ring of protection from fire
HPRegen 0.29/turn    r - +6 ring of strength
MPRegen 0.10/turn

%: no passive effects
@: lethally poisoned (-1 -> -8), very slow
A: slimy green scales 1, demonic guardian 1, foul stench 1, weakness stinger 1
a: no special abilities


You were in a sewer.
You visited 1 branch of the dungeon, and saw 5 of its levels.
You also visited: Sewer.

You collected 291 gold pieces.

Inventory:

Hand Weapons
 s - a +0 hand axe of draining (weapon)
Armour
 b - a +0 scale mail (worn)
 c - a +0 buckler (worn)
Jewellery
 a - a ring of fire
 o - a ring of positive energy
 r - a +6 ring of strength (right hand)
 u - a ring of protection from fire (left hand)
Scrolls
 e - 5 scrolls of poison {unknown}
 f - a scroll of noise {unknown}
 i - a scroll of revelation {unknown}
 j - 3 scrolls of identify {unknown}
 k - a scroll of fog {unknown}
 m - 2 scrolls of teleportation {unknown}
 p - a scroll of fear {unknown}
 q - a scroll of vulnerability {unknown}
 t - a scroll of immolation {unknown}
 v - a scroll of summoning {unknown}
Potions
 d - a potion of might
 g - a potion of berserk rage {unknown}
 h - 4 potions of curing {unknown}
 l - 2 potions of degeneration {unknown}
 n - 2 potions of heal wounds {unknown}


   Skills:
 + Level 5.4 Fighting
 + Level 4.3 Axes
 + Level 4.8 Armour
 - Level 3.0 Shields


You had 6 spell levels left.
You didn't know any spells.
Your spell library contained the following spells:

 Spells                   Type           Power      Damage    Failure   Level
 Call Canine Familiar     Summ           0%         N/A       97%         3
 Portal Projectile        Hex/Tloc       0%         N/A       97%         3
 Leda's Liquefaction      Hex/Erth       0%         N/A       100%        4


Dungeon Overview and Level Annotations

Branches:
Dungeon (5/15)              Sewer (1/1)
 Temple: D:4-7

Altars:
Cheibriados
Dithmenos
Fedhas
Makhleb
Nemelex Xobeh
Sif Muna
Trog
Uskayaw
Vehumet
Xom
Yredelemnul


Innate Abilities, Weirdness & Mutations

You are partially covered in slimy green scales. (AC +2)
A weak demonic guardian rushes to your aid.
You may rarely emit foul miasma when damaged in melee.
You have a small tail.


Message History

Your unstable footing causes you to fumble your attack.
The jackal bites you but does no damage.
You barely miss the jackal.
The jackal bites you but does no damage.
The jackal closely misses you.
You barely miss the jackal. You tail-slap the jackal.
You kill the jackal!
The kobold throws a stone.
The stone hits you but does no damage.
You slash the kobold!
You kill the kobold!
You hear a splash.
You hit the kobold but do no damage. You drain the kobold.
You kill the kobold!
You hear a splash. x2
The kobold throws a poisoned dart.
The poisoned dart hits you!
You are poisoned.
You feel very sick.
The kobold throws a poisoned dart.
The poisoned dart hits you.
You are more poisoned.
The kobold throws a poisoned dart.
The poisoned dart completely misses you.
Items here: ( )) ††.
You feel very sick.
The kobold throws a poisoned dart.
The poisoned dart hits you!
You are lethally poisoned!
The kobold brigand throws a poisoned dart.
The poisoned dart hits you.
You are more poisoned.
The kobold throws a poisoned dart.
The poisoned dart closely misses you.
* * * LOW HITPOINT WARNING * * *
You feel extremely sick.
The kobold throws a poisoned dart.
You block the poisoned dart.
The kobold brigand throws a poisoned dart.
You block the poisoned dart.
The kobold throws a poisoned dart.
The poisoned dart barely misses you.
* * * LOW HITPOINT WARNING * * *
You feel very sick.
* * * LOW HITPOINT WARNING * * *
You feel very sick.
You die...

#..~.~..# #~.~~~..# #~~≈≈≈~~#
#~~≈≈≈~~# #.~≈≈≈~~# #.~~≈~~.#
#..~≈K~.#
######################.~~≈K.~#
...~~~~~~~~~~~~~@~~~~)~~~≈K.~#
######################.~~≈~~.#
##~~≈~.## #.~≈~.# #~≈≈~.###
#.~≈~..∩# #.~≈~.### #.~≈~.#
##~≈~##


There were no monsters in sight!

Vanquished Creatures
  2 black bears
  Blork the orc (D:4)
  A scorpion (D:3)
  A hound (D:4)
  2 iguanas (D:4)
  3 gnolls (D:4)
  6 adders
  3 river rats
  3 worms
  3 dart slugs
  An orc (D:4)
  9 endoplasms
  4 giant cockroaches
  3 goblins
  7 hobgoblins
  9 jackals
  6 quokkas
  8 ball pythons
  10 bats
  3 frilled lizards
  15 kobolds
  15 rats
115 creatures vanquished.

Notes
Turn   | Place    | Note
-------+----------+-------------------------------------------
     0 | D:1      | BritishOli the Demonspawn Fighter began the quest for the
                  | Orb.
     0 | D:1      | Reached XP level 1. HP: 18/18 MP: 1/1
   156 | D:1      | Gained mutation: You have a small tail. [demonic ancestry]
   156 | D:1      | Reached XP level 2. HP: 24/24 MP: 2/2
   689 | D:2      | Gained mutation: A weak demonic guardian rushes to your
                  | aid. [demonic ancestry]
   689 | D:2      | Reached XP level 3. HP: 29/29 MP: 3/3
  1025 | D:2      | Gained mutation: You are partially covered in slimy green
                  | scales. (AC +2) [demonic ancestry]
  1025 | D:2      | Reached XP level 4. HP: 36/36 MP: 4/4
  1972 | D:3      | Noticed a scorpion
  1983 | D:3      | Killed a scorpion
  1984 | D:3      | Reached skill level 4 in Fighting
  1984 | D:3      | Gained mutation: You may rarely emit foul miasma when
                  | damaged in melee. [demonic ancestry]
  1984 | D:3      | Reached XP level 5. HP: 14/42 MP: 5/5
  2421 | D:3      | Noticed a black bear
  2427 | D:3      | Killed a black bear
  2428 | D:3      | Reached XP level 6. HP: 40/49 MP: 6/6
  2811 | D:4      | Noticed Blork the orc
  2826 | D:4      | Killed Blork the orc
  2827 | D:4      | Reached skill level 5 in Fighting
  3069 | D:4      | Found a sparkling altar of Nemelex Xobeh.
  3072 | D:4      | Found a bloodstained altar of Trog.
  3075 | D:4      | Found a burning altar of Makhleb.
  3077 | D:4      | Found a shimmering altar of Xom.
  3077 | D:4      | Found a snail-covered altar of Cheibriados.
  3077 | D:4      | Found a basalt altar of Yredelemnul.
  3078 | D:4      | Found a hide-covered altar of Uskayaw.
  3078 | D:4      | Found a shimmering blue altar of Sif Muna.
  3079 | D:4      | Found a shadowy altar of Dithmenos.
  3081 | D:4      | Found a blossoming altar of Fedhas.
  3082 | D:4      | Found a radiant altar of Vehumet.
  3387 | D:4      | Reached XP level 7. HP: 53/54 MP: 7/7
  3722 | D:5      | Entered Level 5 of the Dungeon
  3832 | D:5      | Found a glowing drain.
  3867 | Sewer    | Entered a sewer
  3976 | Sewer    | HP: 2/56 [poisoned by a kobold brigand]
  3977 | Sewer    | Succumbed to a kobold brigand's poison

Illustrated notes

Levels and vault maps discovered:
D:1:      kennysheep_arrival_forest, layout_rooms, grunt_decor_resistance,
          minmay_misc_feat_encased
D:2:      layout_loops_ring
D:3:      minmay_angry_zag, layout_basic, kennysheep_generic_room_6
D:4:      kennysheep_six_static_rooms, layout_basic, minitemple,
          due_unseen_surprise, uniq_blork_the_orc
D:5:      layout_loops_cross, nicolae_hepliaklqana_hazy_memory,
          portal_sewer_entry_b
Sewer:    sewer_kobolds

Skill      XL: |  1  2  3  4  5  6 |
---------------+-------------------+-----
Axes           | 2 3 4 |  4.3
Armour         | 3 4 |  4.8
Shields        | 3 |  3.0
Fighting       | 4 5 |  5.4

Action                     |  1- 3 |  4- 6 |  7- 9 || total
---------------------------+-------+-------+-------++-------
  Melee: War axe           |    91 |   120 |       ||   211
         Tailslap          |    11 |    12 |     8 ||    31
         Hand axe          |       |    29 |    70 ||    99
 Armour: Scale mail        |    48 |    98 |    22 ||   168
  Dodge: Dodged            |    40 |    79 |    23 ||   142
  Block: Buckler           |    23 |    37 |    17 ||    77

Table legend: (Time is in decaauts)
 A = Elapsed time spent in this place.
 B = Non-inter-level travel time spent in this place.
 C = Inter-level travel time spent in this place.
 D = Time resting spent in this place.
 E = Time spent auto-exploring this place.
 F = Levels seen in this place.
 G = Mean time per level.
                   A        B        C        D        E       F      G
               +--------+--------+--------+--------+--------+-----+--------+
         Total |   4094 |   4008 |     86 |     42 |   3222 |   6 |  682.3 |
       Dungeon |   3958 |   3872 |     86 |     42 |   3143 |   5 |  791.6 |
         Sewer |    135 |    135 |      0 |      0 |     79 |   1 |  135.0 |
               +--------+--------+--------+--------+--------+-----+--------+

Top non-repeatable levels by time:
     D:3: 1362 daAuts
     D:4: 1173 daAuts
     D:2: 712 daAuts
     D:1: 560 daAuts
     D:5: 149 daAuts
   Sewer: 135 daAuts
